 Dungeon Crawl Stone Soup version 0.22.0-38-g04b72b8 (webtiles) character file.

13041 HarryHood the Basher (level 11, -1/99 HPs)
             Began as a Minotaur Berserker on Aug 27, 2018.
             Was a High Priest of Trog.
             Slain by a yak (10 damage)
             ... on level 12 of the Dungeon on Aug 28, 2018.
             The game lasted 00:39:40 (10264 turns).

HarryHood the Basher (Minotaur Berserker)          Turns: 10264, Time: 00:39:40

Health: -1/99      AC: 17    Str: 24    XL:     11   Next: 70%
Magic:  10/10      EV: 11    Int:  4    God:    Trog [*****.]
Gold:   590        SH:  4    Dex: 11    Spells: 10/10 levels left

rFire    . . .     SeeInvis .   a - +3 flail (drain)
rCold    + + .     Gourm    .   u - +0 buckler
rNeg     . . .     Faith    .   B - +2 chain mail {rC+}
rPois    .         Spirit   .   (helmet restricted)
rElec    .         Reflect  .   (no cloak)
rCorr    .         Harm     .   i - +2 pair of gloves
MR       .....                  (no boots)
Stlth    ..........             (no amulet)
HPRegen  0.26/turn              x - ring of protection from cold
MPRegen  0.12/turn              (no ring)

@: no status effects
A: retaliatory headbutt, horns 2
a: Berserk, Trog's Hand, Brothers in Arms, Renounce Religion


You were on level 12 of the Dungeon.
You worshipped Trog.
Trog was extremely pleased with you.
You were not hungry.

You visited 2 branches of the dungeon, and saw 13 of its levels.

You collected 590 gold pieces.

Inventory:

Hand Weapons
 a - a +3 flail of draining (weapon)
 b - a +0 hunting sling
 s - a +2 great mace of draining
Missiles
 e - 91 sling bullets
 h - 423 stones (quivered)
Armour
 i - a +2 pair of gloves (worn)
 p - a +0 plate armour
 u - a +0 buckler (worn)
 B - a +2 chain mail of cold resistance (worn)
Jewellery
 x - a ring of protection from cold (left hand)
Scrolls
 d - 3 scrolls of teleportation {@r0}
 g - 2 scrolls of remove curse {@r1}
 n - 3 scrolls of blinking {@r7}
 r - 12 scrolls of identify
 v - a scroll of magic mapping
Potions
 f - 2 potions of haste
 j - a potion of agility
 k - a potion of cancellation
 m - 4 potions of mutation {!q}
 o - 4 potions of heal wounds {@q1}
 q - 3 potions of ambrosia
 t - 3 potions of curing {@q2}
 w - a potion of might
 y - 5 potions of brilliance
 D - a potion of magic {unknown}
Comestibles
 c - 17 rations {@e1}
 z - 20 chunks of flesh


   Skills:
 + Level 10.1 Fighting
 - Level 14.0 Maces & Flails
 - Level 6.0 Slings
 * Level 11.2 Armour
 - Level 6.1 Dodging
 - Level 4.0 Shields


You had 10 spell levels left.
You didn't know any spells.
Your spell library was empty.

Dungeon Overview and Level Annotations

Branches:
Dungeon (12/15)            Temple (1/1) D:4            Lair (0/6) D:9
    Orc: D:9-12

Altars:
Ashenzari
Cheibriados
Dithmenos
Elyvilon
Fedhas
Gozag
Hepliaklqana
Kikubaaqudgha
Makhleb
Nemelex Xobeh
Okawaru
Qazlal
Ru
Sif Muna
Trog
Uskayaw
Vehumet
Wu Jian
Xom
Yredelemnul
Zin
The Shining One

Shops:
D:9 (   D:10 [   D:11 :

Annotations:
D:9 exclusion: statue


Innate Abilities, Weirdness & Mutations

You reflexively headbutt those who attack you in melee.
You have a pair of horns on your head.


Message History

The orc wizard hits you but does no damage.
The orc priest mumbles some strange prayers to Beogh against you.
Beogh smites you!
* * * LOW HITPOINT WARNING * * *
You take 11 damage, and have 18/99 hp.
You barely miss something. Your headbutt misses something.
You barely miss the yak. Your headbutt misses the yak.
The orc wizard gestures at you while chanting.
The magic dart hits you!
* * * LOW HITPOINT WARNING * * *
Something hits you but does no damage.
You take 10 damage, and have 8/99 hp.
You hit the yak. You drain the yak! Your headbutt misses the yak.
The yak closely misses you. You furiously retaliate!
You headbutt the yak, but do no damage.
The orc wizard hits you but does no damage.
Your chain mail prevents you from hitting the orc wizard.
You headbutt the orc wizard! Something hits you but does no damage.
The yak gores you!
You die... .........# ........# #.....# .......# #.....# ......# #.....# ..... #.....# .Yo

...>. #Y## ... #@{#
#'# ##o## #(# #..##
#.# ##..# #(##
######'## #.)#
#.......# #####(###
#.......# #..(()...
#.......# #....(...
+.......####........


You could see 2 yaks, an orc priest and an orc wizard.

Vanquished Creatures
  Pikel (D:8)
  3 ugly things
  2 cyclopes (D:11)
  An elephant (D:9)
  3 gargoyles
  2 trolls (D:11)
  3 hippogriffs
  A wyvern (D:9)
  20 yaks
  A basilisk (D:9)
  A hungry ghost (D:11)
  2 wargs (D:12)
  Edmund (D:4)
  2 water moccasins
  Duvessa (D:7)
  2 orc warriors
  A slave (D:8)
  4 sky beasts
  An ice beast (D:8)
  7 ogres
  9 centaurs
  2 crocodiles
  4 bullfrogs
  2 wyvern zombies
  2 scorpions
  2 wyvern skeletons
  Dowan (D:7)
  2 howler monkeys
  A bullfrog zombie (D:5)
  7 crimson imps
  6 hounds
  A gnoll shaman (D:4)
  3 orc priests
  4 bullfrog skeletons
  8 iguanas
  An iron imp (D:6)
  7 jellies
  Natasha (D:2)
  4 orc wizards
  7 worker ants
  A hound skeleton (D:8)
  A howler monkey zombie (D:6)
  A worker ant zombie (D:5)
  Robin (D:4)
  6 adders
  5 gnolls
  4 shadow imps
  5 oozes
  An adder zombie (D:8)
  3 worms
  3 dart slugs (D:1)
  10 leopard geckos
  23 orcs
  2 ball pythons
  11 bats
  7 giant cockroaches
  25 goblins
  17 hobgoblins
  21 jackals
  6 quokkas
  6 frilled lizards
  A goblin skeleton (D:6)
  2 goblin zombies (D:6)
  A hobgoblin zombie (D:6)
  A jackal zombie (D:7)
  8 kobolds
  2 kobold skeletons (D:6)
  2 kobold zombies (D:6)
  An orc zombie (D:6)
  10 rats
320 creatures vanquished.

Vanquished Creatures (others)
  A plant (D:9)
1 creature vanquished.

Grand Total: 321 creatures vanquished

Notes
Turn   | Place    | Note
-------+----------+-------------------------------------------
     0 | D:1      | HarryHood the Minotaur Berserker began the quest for the Orb.
     0 | D:1      | Reached XP level 1. HP: 19/19 MP: 0/0
   252 | D:1      | Reached skill level 4 in Maces & Flails
   305 | D:1      | Reached XP level 2. HP: 26/26 MP: 1/1
   471 | D:1      | Reached skill level 5 in Maces & Flails
   496 | D:1      | Reached XP level 3. HP: 11/31 MP: 2/2
   804 | D:1      | Reached ** piety under Trog
  1280 | D:2      | Reached XP level 4. HP: 39/39 MP: 3/3
  1284 | D:2      | Reached skill level 6 in Maces & Flails
  1363 | D:2      | Found a faded altar of an unknown god.
  1409 | D:2      | Noticed Natasha
  1419 | D:2      | Killed Natasha
  1419 | D:2      | Reached skill level 4 in Fighting
  1870 | D:3      | Reached *** piety under Trog
  1890 | D:3      | Reached skill level 5 in Fighting
  1890 | D:3      | Reached XP level 5. HP: 33/48 MP: 4/4
  2226 | D:3      | Found a deep blue altar of Sif Muna.
  2372 | D:3      | Reached skill level 6 in Fighting
  2539 | D:4      | Noticed Edmund
  2546 | D:4      | Killed Edmund
  2546 | D:4      | Reached skill level 7 in Maces & Flails
  2546 | D:4      | Reached XP level 6. HP: 57/57 MP: 5/5
  2738 | D:4      | Reached skill level 8 in Maces & Flails
  2740 | D:4      | HP: 5/57 [gnoll/halberd (6)]
  3032 | D:4      | Reached **** piety under Trog
  3036 | D:4      | Reached XP level 7. HP: 63/63 MP: 6/6
  3064 | D:4      | Found a staircase to the Ecumenical Temple.
  3079 | D:4      | Noticed Robin
  3100 | D:4      | Killed Robin
  3107 | D:4      | Reached skill level 9 in Maces & Flails
  3155 | D:4      | Reached skill level 3 in Armour
  3219 | D:4      | Found a hazy altar of Hepliaklqana.
  3223 | Temple   | Entered the Ecumenical Temple
  3654 | D:4      | Found a sparkling altar of Nemelex Xobeh.
  3907 | D:4      | Found a bloodstained altar of Trog.
  4134 | D:5      | Entered Level 5 of the Dungeon
  4236 | D:5      | Reached skill level 4 in Armour
  4290 | D:5      | Reached skill level 5 in Armour
  4339 | D:5      | Found an iron altar of Okawaru.
  4540 | D:5      | Reached skill level 6 in Armour
  4581 | D:5      | Reached XP level 8. HP: 65/70 MP: 7/7
  4597 | D:5      | Received a gift from Trog
  4752 | D:6      | Reached skill level 3 in Dodging
  4752 | D:6      | Reached skill level 1 in Shields
  4828 | D:6      | You fall through a shaft!
  4839 | D:7      | Found a sacrificial altar of Ru.
  4865 | D:7      | Reached skill level 2 in Shields
  4935 | D:7      | Found an ornate altar of the Wu Jian Council.
  4938 | D:7      | Reached skill level 4 in Dodging
  5000 | D:6      | Reached skill level 5 in Dodging
  5000 | D:6      | Reached skill level 3 in Shields
  5274 | D:6      | Found a glowing golden altar of the Shining One.
  5393 | D:6      | Reached skill level 6 in Dodging
  5393 | D:6      | Reached skill level 4 in Shields
  5479 | D:6      | Got a translucent short sword
  5551 | D:6      | Found a snail-covered altar of Cheibriados.
  5784 | D:6      | Identified the +6 short sword "Ihiokhyen" {drain, *Rage rElec rN+} (You found it on level 6 of the Dungeon)
  5881 | D:6      | Reached XP level 9. HP: 70/75 MP: 8/8
  6089 | D:7      | Found an opulent altar of Gozag.
  6131 | D:7      | Reached skill level 10 in Maces & Flails
  6156 | D:7      | Noticed Dowan
  6164 | D:7      | Killed Dowan
  6166 | D:7      | Noticed Duvessa
  6173 | D:7      | Killed Duvessa
  6198 | D:7      | Got a thick robe
  6228 | D:7      | Found a glowing silver altar of Zin.
  6284 | D:7      | Reached skill level 11 in Maces & Flails
  6390 | D:7      | Found a basalt altar of Yredelemnul.
  6478 | D:7      | Identified the +1 robe of the Earth {rF+} (You found it on level 7 of the Dungeon)
  6551 | D:8      | Noticed Pikel
  6562 | D:8      | Killed Pikel
  6562 | D:8      | Reached ***** piety under Trog
  6562 | D:8      | Reached skill level 12 in Maces & Flails
  6678 | D:8      | Reached skill level 7 in Fighting
  6680 | D:8      | Got a pitted long sword
  7345 | D:9      | Noticed an elephant
  7364 | D:9      | Killed an elephant
  7364 | D:9      | Reached skill level 8 in Fighting
  7364 | D:9      | Reached XP level 10. HP: 82/88 MP: 9/9
  7379 | D:9      | Found a staircase to the Lair.
  7407 | D:9      | Reached skill level 13 in Maces & Flails
  7418 | D:9      | Reached skill level 9 in Fighting
  7510 | D:9      | Found a radiant altar of Vehumet.
  7531 | D:9      | Reached skill level 1 in Slings
  7622 | D:9      | Found a sparkling altar of Nemelex Xobeh.
  7636 | D:9      | Found Yschaitwa's Weapon Shoppe.
  7844 | D:10     | Entered Level 10 of the Dungeon
  7889 | D:10     | Reached skill level 14 in Maces & Flails
  7897 | D:10     | Reached skill level 2 in Slings
  7898 | D:10     | Received a gift from Trog
  7904 | D:10     | HP: 9/91 [poisoned by an orc warrior]
  8211 | D:10     | Found Goragiuso's Armour Boutique.
  8216 | D:10     | Identified the cursed +1 long sword "Goblinslayer" {drain, *Rage Dex+4 SInv} (You found it on level 8 of the Dungeon)
  8296 | D:10     | Noticed a gargoyle
  8319 | D:10     | Killed a gargoyle
  8319 | D:10     | Reached skill level 3 in Slings
  8699 | D:11     | Reached skill level 4 in Slings
  8744 | D:11     | Noticed a purple ugly thing
  8758 | D:11     | Killed a purple ugly thing
  8758 | D:11     | Reached skill level 7 in Armour
  8873 | D:11     | Noticed a cyclops
  8899 | D:11     | Killed a cyclops
  8899 | D:11     | Reached XP level 11. HP: 36/97 MP: 10/10
  8910 | D:11     | Reached skill level 5 in Slings
  8910 | D:11     | Reached skill level 8 in Armour
  8939 | D:11     | Received a gift from Trog
  9224 | D:11     | Noticed a cyan ugly thing
  9240 | D:11     | Killed a cyan ugly thing
  9326 | D:11     | Reached skill level 9 in Armour
  9556 | D:11     | Found Qehyri Ycvo's Book Emporium.
  9676 | D:11     | Reached skill level 6 in Slings
  9980 | D:12     | Noticed a brown ugly thing
 10028 | D:12     | Killed a brown ugly thing
 10028 | D:12     | Reached skill level 10 in Armour
 10244 | D:12     | Reached skill level 10 in Fighting
 10244 | D:12     | Reached skill level 11 in Armour
 10262 | D:12     | HP: 8/99 [orc wizard/magic dart (10)]
 10264 | D:12     | Slain by a yak

Skill      XL: |  1  2  3  4  5  6  7  8  9 10 11 |
---------------+----------------------------------+-----
Maces & Flails | 4 5 6 7 8 9 12 14 | 14.0
Fighting       | 5 6 8 9 10 | 10.1
Armour         | 6 7 11 | 11.2
Dodging        | 6 |  6.1
Shields        | 4 |  4.0
Slings         | 4 6 |  6.0

Action                   |  1- 3 |  4- 6 |  7- 9 | 10-12 || total
-------------------------+-------+-------+-------+-------++-------
Melee: Mace              |    78 |    71 |       |       ||   149
       Headbutt          |    17 |    25 |    74 |    66 ||   182
       Flail             |       |    72 |   374 |   329 ||   775
Invok: Berserk           |       |     1 |       |     3 ||     4
  Use: Scroll            |     3 |     9 |     6 |     5 ||    23
       Potion            |       |       |       |     2 ||     2
  Eat: Chunk             |     1 |     7 |    10 |    10 ||    28
       Ration            |       |       |     1 |     1 ||     2
Armor: Animal skin       |     2 |       |       |       ||     2
       Ring mail         |    19 |    67 |       |       ||    86
       Chain mail        |       |     9 |   119 |    88 ||   216
Dodge: Dodged            |    46 |    93 |   126 |   105 ||   370
Block: Buckler           |       |       |    42 |    39 ||    81
